 Dungeon Crawl Stone Soup version 0.24-a0-290-gbb66a672fa (webtiles) character file.

Game seed: 15131241789287050675

184 Roikka the Distorting Demonspawn (level 5, 0/42 HPs)
             Began as a Demonspawn Abyssal Knight on May 8, 2019.
             Was a Believer of Lugonu.
             Killed from afar by an orc wizard (5 damage)
             ... with a magic dart
             ... on level 4 of the Dungeon.
             The game lasted 00:08:39 (3574 turns).

Roikka the Distorting Demonspawn (DsAK)             Turns: 3574, Time: 00:08:40

Health: 0/42       AC:  7    Str: 13    XL:     5   Next: 36%
Magic:  7/7        EV: 10    Int: 14    God:    Lugonu [**....]
Gold:   115        SH:  0    Dex: 12    Spells: 4/4 levels left

rFire    . . .     SeeInvis .   k - +2 mace (protect)
rCold    . . .     Gourm    .   (no shield)
rNeg     . . .     Faith    .   l - +0 ring mail
rPois    .         Spirit   .   (helmet restricted)
rElec    .         Reflect  .   (no cloak)
rCorr    .         Harm     .   (no gloves)
MR       .....                  (no boots)
Stlth    +.........             (no amulet)
HPRegen  0.14/turn              e - ring of wizardry
MPRegen  0.10/turn              (no ring)

@: no status effects
A: antennae 1, molten scales 1, spiny 1
a: Depart the Abyss, Bend Space, Renounce Religion


You were on level 4 of the Dungeon.
You worshipped Lugonu.
Lugonu was pleased with you.
You were not hungry.

You visited 1 branch of the dungeon, and saw 4 of its levels.
You visited the Abyss 1 time.

You collected 115 gold pieces.

Inventory:

Hand Weapons
 k - a +2 mace of protection (weapon)
Armour
 l - a +0 ring mail (worn)
Jewellery
 e - a ring of wizardry (left hand)
 i - an uncursed ring of ice
Wands
 n - a wand of polymorph (10)
 p - a wand of random effects (22)
Scrolls
 f - 3 scrolls of teleportation
 g - 2 scrolls of magic mapping
 m - 2 scrolls of identify
 o - a scroll of enchant weapon
Potions
 a - a potion of brilliance {unknown}
 b - 3 potions of curing {unknown}
 d - a potion of mutation {unknown}
 h - a potion of lignification {unknown}
 j - a potion of cancellation
 r - a potion of ambrosia {unknown}
Comestibles
 c - 6 rations
 q - a chunk of flesh


   Skills:
 + Level 3.8 Fighting
 * Level 3.4 Maces & Flails
 + Level 2.7 Armour
 - Level 1.0 Dodging
 + Level 3.8 Invocations


You had 4 spell levels left.
You didn't know any spells.
Your spell library was empty.

Dungeon Overview and Level Annotations

Branches:
Dungeon (4/15)
 Temple: D:4-7

Altars:
Okawaru
Ru
Trog
Zin


Innate Abilities, Weirdness & Mutations

You have a pair of small antennae on your head.
You are partially covered in molten scales. (AC +2)
You are partially covered in sharp spines.


Message History

Deactivating autopickup; reactivate with Ctrl-A.
You feel sick.
You feel sick.
Press: ? - help, v - describe, . - travel
Here: an orc, wielding a +0 mace of protection and wearing a +0 leather armour (lightly wounded)
The floor.
You feel sick.
You feel sick.
You feel sick.
You feel sick.
A puff of frost appears from out of thin air!
The puff of frost hits you.
* * * LOW HITPOINT WARNING * * *
You feel sick.
You feel sick.
You are no longer poisoned.
The orc closely misses you.
A magic dart appears from out of thin air!
The magic dart hits you.
You die...

...........####......##
..............#......#
###..................#
###................#
##...###<........##
##...#######......#
##.....### ##..[...#
#........###......##
#..###.....#.@....#
#..# ###.........##
#..# ###......## ..#
###....# .. ##.o##
#..### .# #....### #..#
##.##...# ....#
#..######


You could see an orc.

Vanquished Creatures
  An orc priest (D:3)
  An orc wizard (D:4)
  2 adders
  3 oozes (D:1)
  2 worms (D:2)
  5 dart slugs
  A leopard gecko (D:1)
  9 orcs
  A ball python (D:2)
  4 bats (D:2)
  3 giant cockroaches
  4 goblins
  5 hobgoblins
  13 jackals
  5 kobolds
  2 quokkas
  3 frilled lizards
  7 rats
71 creatures vanquished.

Notes
Turn   | Place    | Note
-------+----------+-------------------------------------------
     0 | Abyss:1  | Roikka the Demonspawn Abyssal Knight began the quest for
                  | the Orb.
     0 | Abyss:1  | Reached XP level 1. HP: 18/18 MP: 2/2
    85 | Abyss:2  | Noticed a wretched star
    86 | Abyss:2  | Noticed a hellwing
    87 | D:1      | Escaped the Abyss
   178 | D:1      | You fall through a shaft!
   251 | D:1      | Reached skill level 1 in Dodging
   375 | D:1      | Gained mutation: You are partially covered in molten
                  | scales. (AC +2) [demonic ancestry]
   375 | D:1      | Reached XP level 2. HP: 21/24 MP: 3/3
   424 | D:1      | Reached * piety under Lugonu
   710 | D:1      | Reached XP level 3. HP: 29/29 MP: 5/5
  1518 | D:2      | Gained mutation: You have a pair of small antennae on your
                  | head. [demonic ancestry]
  1518 | D:2      | Reached XP level 4. HP: 35/35 MP: 6/6
  1877 | D:2      | Reached ** piety under Lugonu
  2225 | D:3      | Found a bloodstained altar of Trog.
  2225 | D:3      | Found an iron altar of Okawaru.
  2396 | D:3      | Gained mutation: You are partially covered in sharp spines.
                  | [demonic ancestry]
  2396 | D:3      | Reached XP level 5. HP: 29/42 MP: 7/7
  2652 | D:3      | Found a glowing silver altar of Zin.
  3306 | D:4      | Found a sacrificial altar of Ru.
  3574 | D:4      | Killed from afar by an orc wizard

Levels and vault maps discovered:
D:1:      lightli_arrival_statuegarden, layout_loops_cross
D:2:      layout_basic, first_ration
D:3:      layout_basic, grunt_temple_overflow_open, zin_academy,
          roderic_roman_lattice, minmay_misc_feat_room
D:4:      layout_layer_cave, lemuel_doored_altar, hangedman_decor_riveting

Skill      XL: |  1  2  3  4 |
---------------+-------------+-----
Dodging        | 1 |  1.0
Maces & Flails | 2 3 |  3.4
Armour         | 2 |  2.7
Invocations    | 3 |  3.8
Fighting       | |  3.8

Action                   |  1- 3 |  4- 6 || total
-------------------------+-------+-------++-------
Melee: Mace              |   114 |   127 ||   241
Invok: Depart the Abyss  |     1 |       ||     1
  Use: Scroll            |     4 |     5 ||     9
  Eat: Chunk             |     2 |     7 ||     9
Armor: Leather armour    |    27 |       ||    27
       Ring mail         |    51 |    69 ||   120
Dodge: Dodged            |    73 |    79 ||   152

Table legend:
 A = Non-vault XP
 B = Vault XP
 C = Vault XP percentage of total XP
 D = Non-vault monster count
 E = Vault monster count
 F = Vault count percentage of total count
                 A         B        C        D         E       F
            +---------+---------+-------+---------+---------+-------
      Total |     264 |       0 |   0.0 |      71 |       0 |   0.0
            +---------+---------+-------+---------+---------+-------
        D:1 |      77 |       0 |   0.0 |      25 |       0 |   0.0
        D:2 |      60 |       0 |   0.0 |      23 |       0 |   0.0
        D:3 |      85 |       0 |   0.0 |      19 |       0 |   0.0
        D:4 |      42 |       0 |   0.0 |       4 |       0 |   0.0
            +---------+---------+-------+---------+---------+-------
